 Dungeon Crawl Stone Soup version 0.32-a0-779-g362cfcae2a (webtiles) character file.

Game seed: 6885894288117174264

279 kae the Slasher (level 6, 0/44 HPs)
             Began as a Coglin Gladiator on Mar 19, 2024.
             Splashed by a jelly's acid (5 damage)
             ... on level 4 of the Dungeon.
             The game lasted 00:01:51 (2600 turns).

kae the Slasher (Coglin Gladiator)                  Turns: 2600, Time: 00:01:52

Health: 0/44       AC: -8    Str: 14    XL:     6   Next: 26%
Magic:  6/6        EV: 11    Int:  8    God:
Gold:   52         SH:  0    Dex: 17    Spells: 5/5 levels left

rFire   . . .        a - +0 long sword {Gerda}
rCold   . . .        f - +0 dagger {Berta}
rNeg    . . .        b - +0 leather armour
rPois   .            c - +0 helmet
rElec   .            (no cloak)
rCorr   .            (no gloves)
SInv    .            (no boots)
Will    .....        (amulet unavailable)
Stlth   +            (ring unavailable)
HPRegen 0.27/turn    (ring unavailable)
MPRegen 0.10/turn    (no gizmo)

%: no passive effects
@: corroded, revving
A: off-hand wielding, slow wielding, warmup strikes, no jewellery
a: Invent Gizmo


You were on level 4 of the Dungeon.
You visited 1 branch of the dungeon, and saw 4 of its levels.

You collected 65 gold pieces.
You spent 13 gold pieces at shops.


Innate Abilities, Weirdness & Mutations

You can wield a second weapon in your off-hand.
It takes a long time for you to wield or remove held weapons.
Your first few attacks do less damage.
You cannot equip rings or amulets.


   Skills:
 - Level 2.0 Fighting
 + Level 6.8 Long Blades
 - Level 1.7 Throwing
 - Level 2.6 Dodging


You had 5 spell levels left.
You didn't know any spells.
Your spell library contained the following spells:

 Spells                   Type           Power      Damage    Failure   Level
 Summon Small Mammal      Summ           0%         N/A       50%         1
 Mercury Vapours          Alch/Air       0%         N/A       63%         2
 Call Canine Familiar     Summ           0%         N/A       86%         3
 Mephitic Cloud           Conj/Alch/Air  0%         N/A       86%         3
 Summon Blazeheart Golem  Fire/Summ      0%         N/A       99%         4
 Freezing Cloud           Conj/Ice/Air   0%         6-21      100%        5

Inventory:

Hand Weapons
 a - a +0 long sword (weapon) {Gerda}
 f - a +0 dagger (offhand) {Berta}
Missiles
 d - 3 throwing nets (quivered) {=f!f}
 e - a javelin
 k - 37 stones
Armour
 b - a +0 leather armour (worn)
 c - a +0 helmet (worn)
Jewellery
 C - a ring of ice
   (You found it on level 3 of the Dungeon)
 S - a +6 ring of strength
   (You found it on level 2 of the Dungeon)
Wands
 l - a wand of charming (8)
   (You found it on level 3 of the Dungeon)
Scrolls
 h - a scroll of immolation {!r!r}
 i - 3 scrolls of enchant weapon {unknown}
Potions
 g - a potion of lignification {!q}
 j - 2 potions of curing {unknown}
 m - a potion of degeneration {!q}

Dungeon Overview and Level Annotations

Branches:
Dungeon (4/15) Zot: 21414
 Temple: D:4-7

Altars:
Ru

Shops:
D:2 !

Annotations:
D:3 2 runed translucent doors, Winter's ghost, amateur MiFi

.# #.......# .#
#.......# .#
####'##.# .#
#####.##.# .#
#......#.# ##
#.....^#.#
###.†....#.. ###
.######.....#.#####
..+
......'...@J'......
###
.######.....######
#.....# #.....#
#.....# # #######
### ..#######
#.......#


You could see a jelly.


Message History

The iguana bites you. 😕 HP[-3]
You take 3 damage, and now have 41/44 hp.
An iguana is nearby!
You hit the iguana with your +0 dagger.
You hit the iguana with your +0 long sword.
The iguana closely misses you.
You hit the iguana but do no damage. x2; The iguana closely misses you. 😕 HP[+1]
An iguana is nearby!
You hit the iguana with your +0 long sword.
You hit the iguana but do no damage. The iguana closely misses you.
You hit the iguana but do no damage.
You hit the iguana with your +0 long sword.
An iguana is nearby!
You hit the iguana but do no damage. x2; The iguana bites you.
You hit the iguana with your +0 long sword.
You hit the iguana but do no damage. The iguana bites you! 😕 HP[-8]
You take 8 damage, and now have 34/44 hp.
An iguana is nearby!
You hit the iguana but do no damage. You hit the iguana with your +0 dagger.
You kill the iguana!
No target in view!
You see here an iguana corpse.
You see here a +0 spear.
A ball python comes into view.
The ball python hisses angrily. 😎 HP[+10]
Your hp is fully restored (44).
You hit the ball python with your +0 dagger.
You kill the ball python!
As you open the door, it creaks loudly!
No target in view!
No target in view!
There is an open door here.
There is an open door here.
Found a stone staircase leading down.
There is a stone staircase leading down here.
Key pressed, stopping explore.
No target in view!
No target in view!
Key pressed, stopping explore.
No target in view!
No target in view!
Key pressed, stopping explore.
No target in view!
No target in view!
You open the door.
There is an open door here.
A quokka comes into view.
A quokka is nearby!
You closely miss the quokka with your +0 long sword.
You miss the quokka with your +0 dagger.
The quokka barely misses you.
You slash the quokka with your +0 long sword!
You kill the quokka!
You see here a quokka corpse.
i - 3 scrolls labelled TIUQICZ GEIRRAEST No target in view!
No target in view!
As you open the door, it creaks loudly!
Key pressed, stopping explore.
No target in view!
No target in view!
You open the door.
A jelly comes into view.
The jelly quivers.
A jelly is nearby!
You hit the jelly with your +0 long sword.
Your graspers burn!
You hit the jelly with your +0 dagger. The acid corrodes you!
Your graspers burn!
The jelly barely misses you. 😕 HP[-8]
You take 8 damage, and now have 36/44 hp.
A jelly is nearby!
You hit the jelly with your +0 dagger. The acid corrodes you!
Your graspers burn!
You slash the jelly with your +0 long sword!
Your graspers burn!
The jelly hits you.
You are splashed with acid!
* * * LOW HITPOINT WARNING * * *
You are too injured to fight recklessly!
A jelly is nearby! 😨 HP[-17]
You take 17 damage, and now have 19/44 hp.
MASSIVE DAMAGE!! (PAUSE)
You hit the jelly with your +0 long sword.
The acid corrodes you!
Your graspers burn!
* * * LOW HITPOINT WARNING * * *
You barely miss the jelly with your +0 dagger.
The jelly hits you.
* * * LOW HITPOINT WARNING * * *
You are splashed with acid!
* * * LOW HITPOINT WARNING * * *
😱 HP[-10]
You take 10 damage, and now have 9/44 hp.
MASSIVE DAMAGE!! (PAUSE)
You hit the jelly but do no damage.
Your graspers burn!
* * * LOW HITPOINT WARNING * * *
You hit the jelly but do no damage.
Your graspers burn!
You die...

Skill      XL: |  1  2  3 |
---------------+----------+-----
Long Blades    | 4 6 |  6.8
Fighting       | |  2.0
Throwing       | |  1.7
Dodging        | |  2.6

Action                     |  1- 3 |  4- 6 || total
---------------------------+-------+-------++-------
  Melee: Long sword        |    51 |    58 ||   109
         Dagger            |    46 |    50 ||    96
    Use: Scroll            |     5 |     2 ||     7
         Potion            |     4 |       ||     4
   Stab: Sleeping          |       |     2 ||     2
 Armour: Leather armour    |    48 |    26 ||    74
  Dodge: Dodged            |    22 |    25 ||    47

Levels and vault maps discovered:
D:1:      lightli_arrival_statuegarden, layout_rooms
D:2:      layout_basic, serial_shops, nicolae_shop_rolling_square,
          due_unseen_surprise, uniq_sigmund, uniq_jessica
D:3:      layout_rooms, ebering_ghost_disaster_area
D:4:      layout_basic, marbit_many_paths, nicolae_sif_muna_little_library,
          mainiacjoe_overflow_boulevard, corexii_shack, uniq_duvessa

Notes
Turn   | Place    | Note
-------+----------+-------------------------------------------
     0 | D:1      | kae the Coglin Gladiator began the quest for the Orb.
     0 | D:1      | Reached XP level 1. HP: 16/16 MP: 1/1
     0 | D:1      | magus.rc [v1.11.3]
    18 | D:1      | You pick up a book of Vapours and begin reading...
    18 | D:1      | You add the spells Mercury Vapours, Mephitic Cloud and
                  | Freezing Cloud to your library.
    39 | D:1      | Reached XP level 2. HP: 17/22 MP: 2/2
    96 | D:1      | You pick up a book of Callings and begin reading...
    96 | D:1      | You add the spells Summon Small Mammal, Call Canine
                  | Familiar and Summon Blazeheart Golem to your library.
   464 | D:2      | Noticed Jessica
   471 | D:2      | Killed Jessica
   472 | D:2      | Reached skill level 4 in Long Blades
   472 | D:2      | Reached XP level 3. HP: 9/27 MP: 3/3
   822 | D:2      | Found Tuxtoimeuw's Distillery.
   828 | D:2      | Bought a potion of degeneration for 13 gold pieces
  1299 | D:2      | Noticed Sigmund
  1623 | D:2      | Killed Sigmund
  1624 | D:2      | Reached skill level 6 in Long Blades
  1624 | D:2      | Reached XP level 4. HP: 16/33 MP: 4/4
  1624 | D:2      | Reached XP level 5. HP: 19/38 MP: 5/5
  1973 | D:3      | Reached XP level 6. HP: 42/44 MP: 6/6
  2245 | D:3      | Found a large runed translucent door.
  2246 | D:3      | Found a large runed translucent door.
  2248 | D:3      | Noticed Winter's ghost (amateur MiFi)
  2392 | D:4      | Found a sacrificial altar of Ru.
  2599 | D:4      | HP: 9/44 [acid (8)]
  2600 | D:4      | Splashed by a jelly's acid

Vanquished Creatures
  Sigmund (D:2)
  Jessica (D:2)
  An iguana (D:4)
  An adder (D:4)
  3 dart slugs (D:3)
  A ribbon worm (D:2)
  An orc (D:3)
  4 endoplasms
  2 giant cockroaches
  8 goblins
  3 hobgoblins
  3 quokkas
  6 ball pythons
  A bat (D:2)
  5 frilled lizards
  3 kobolds
  3 rats
47 creatures vanquished.

Table legend:
 A = Non-vault XP
 B = Vault XP
 C = Vault XP percentage of total XP
 D = Non-vault monster count
 E = Vault monster count
 F = Vault count percentage of total count
                 A         B        C        D         E       F
            +---------+---------+-------+---------+---------+-------
      Total |     131 |     268 |  67.2 |      45 |       2 |   4.3
            +---------+---------+-------+---------+---------+-------
        D:1 |      27 |       0 |   0.0 |      16 |       0 |   0.0
        D:2 |      12 |     268 |  95.7 |       7 |       2 |  22.2
        D:3 |      40 |       0 |   0.0 |      18 |       0 |   0.0
        D:4 |      52 |       0 |   0.0 |       4 |       0 |   0.0
            +---------+---------+-------+---------+---------+-------

Skill      XL: |  1  2  3 |
---------------+----------+-----
Long Blades    | 4 6 |  6.8
Fighting       | |  2.0
Throwing       | |  1.7
Dodging        | |  2.6

Action                     |  1- 3 |  4- 6 || total
---------------------------+-------+-------++-------
  Melee: Long sword        |    51 |    58 ||   109
         Dagger            |    46 |    50 ||    96
    Use: Scroll            |     5 |     2 ||     7
         Potion            |     4 |       ||     4
   Stab: Sleeping          |       |     2 ||     2
 Armour: Leather armour    |    48 |    26 ||    74
  Dodge: Dodged            |    22 |    25 ||    47

Illustrated notes

Table legend:
 A = Kills in this place as a percentage of kills in the entire game.
 B = Kills by you in this place as a percentage of kills by you in the entire game.
 C = Kills by friends in this place as a percentage of kills by friends in the entire game.
 D = Other kills in this place as a percentage of other kills in the entire game.
 E = Experience gained in this place as a percentage of experience gained in the entire game.
 F = Experience gained in this place divided by the number of levels of this place that you have seen.
                   A       B       C       D       E      F
               +-------+-------+-------+-------+-------+----------------------
         Total | 100.0 | 100.0 |   N/A |   N/A | 100.0 |  99.8
       Dungeon | 100.0 | 100.0 |   N/A |   N/A | 100.0 |  99.8
               +-------+-------+-------+-------+-------+----------------------

Table legend: (Time is in decaauts)
 A = Elapsed time spent in this place.
 B = Non-inter-level travel time spent in this place.
 C = Inter-level travel time spent in this place.
 D = Time resting spent in this place.
 E = Time spent auto-exploring this place.
 F = Levels seen in this place.
 G = Mean time per level.
                   A        B        C        D        E       F      G
               +--------+--------+--------+--------+--------+-----+--------+
         Total |   2585 |   2515 |     70 |    120 |   2015 |   4 |  646.2 |
       Dungeon |   2585 |   2515 |     70 |    120 |   2015 |   4 |  646.2 |
               +--------+--------+--------+--------+--------+-----+--------+

Top non-repeatable levels by time:
     D:2: 1385 daAuts
     D:1: 509 daAuts
     D:3: 433 daAuts
     D:4: 257 daAuts
